MWL (24 & UNDER)
COLUMBIA 08S @ CINCINNATI PRIDE
05/19/2027
 
TOP OF THE 1ST
Columbia 08s batting - Pitching for Cincinnati Pride : RHP Bart Brown
Pitching: RHP Bart Brown
Batting: RHB Ben Barker 0-0: Ball
1-0: SINGLE (Groundball, 6MD)
Batting: RHB Pablo Díaz 0-0: Ball
1-0: Ball
Ben Barker steals 2nd base
2-0: SINGLE (Groundball, 6MD)
Ben Barker to third
Runner from 3rd tries for Home, SAFE, no throw
Batting: RHB Tom Hicks 0-0: Called Strike
0-1: SINGLE (Groundball, 4D)
Pablo Díaz to second
Runner from 2nd tries for 3rd, SAFE, throw made to third
Batting: RHB Jaime Hernández 0-0: Ball
1-0: Called Strike
1-1: Fly out, F6 (Line Drive, 6)
Lined into DP, 6-5 (Line Drive, 6)
Batting: SHB Juan Carlos González 0-0: Called Strike
0-1: TRIPLE (Flyball, 8RM)
Tom Hicks scores
Batting: RHB Pedro López 0-0: Ball
1-0: Called Strike
1-1: Foul Ball, location: 2F
1-2: Strikes out looking
Top of the 1st over - 2 run(s), 4 hit(s), 0 error(s), 1 left on base; Columbia 2 - Cincinnati 0
BOTTOM OF THE 1ST
Cincinnati Pride batting - Pitching for Columbia 08s : RHP Lewis Sweeney
Pitching: RHP Lewis Sweeney
Batting: SHB Jaime Martínez 0-0: Ground out 4-3 (Groundball, 4)
Batting: RHB Jorge Silva 0-0: Called Strike
0-1: DOUBLE (Groundball, 5L)
Batting: LHB John Clark 0-0: Ball
1-0: Foul Ball, location: 2F
1-1: Ball
2-1: Foul Ball, location: 2F
2-2: Ground out 6-3 (Groundball, 6M)
Jorge Silva to third
Batting: LHB Gabriel Aragón 0-0: Called Strike
0-1: Ball
1-1: Ball
2-1: Ball
3-1: Fly out, F8 (Flyball, 8LD)
Bottom of the 1st over - 0 run(s), 1 hit(s), 0 error(s), 1 left on base; Columbia 2 - Cincinnati 0
TOP OF THE 2ND
Columbia 08s batting - Pitching for Cincinnati Pride : RHP Bart Brown
Batting: RHB Henry Fox 0-0: Ball
1-0: Ball
2-0: Ball
3-0: Base on Balls
Batting: RHB Juan Trujillo 0-0: Ball
1-0: Ball
2-0: Ball
3-0: Called Strike
3-1: Foul Ball, location: 2F
3-2: Fly out, F7 (Line Drive, 7)
Batting: LHB Dave Raines 0-0: Called Strike
0-1: Ball
1-1: Called Strike
1-2: Ball
2-2: Foul Ball, location: 2F
2-2: Strikes out swinging
Batting: RHB Ben Barker 0-0: Called Strike
0-1: Ball
1-1: Ball
2-1: Foul Ball, location: 2F
2-2: SINGLE (Groundball, 6MD)
Henry Fox to second
Runner from 2nd tries for 3rd, SAFE, throw made to third
Ben Barker to second
Batting: RHB Pablo Díaz 0-0: Called Strike
0-1: Ball
1-1: Foul Ball, location: 2F
1-2: Strikes out looking
Top of the 2nd over - 0 run(s), 1 hit(s), 0 error(s), 2 left on base; Columbia 2 - Cincinnati 0
BOTTOM OF THE 2ND
Cincinnati Pride batting - Pitching for Columbia 08s : RHP Lewis Sweeney
Batting: RHB Roger Rush 0-0: Ball
1-0: Called Strike
1-1: Ball
2-1: Foul Ball, location: 2F
2-2: Foul Ball, location: 2F
2-2: Ground out 3-1 (Groundball, 34)
Batting: RHB Keith Sheehan 0-0: Called Strike
0-1: Swinging Strike
0-2: Ball
1-2: Strikes out swinging
Batting: RHB Francisco Domínguez 0-0: Ball
1-0: Ball
2-0: Ball
3-0: Base on Balls
Batting: RHB Gary Miller 0-0: Ball
Francisco Domínguez steals 2nd base
1-0: Ball
2-0: Ball
3-0: Called Strike
3-1: Foul Ball, location: 2F
3-2: Strikes out looking
Bottom of the 2nd over - 0 run(s), 0 hit(s), 0 error(s), 1 left on base; Columbia 2 - Cincinnati 0
TOP OF THE 3RD
Columbia 08s batting - Pitching for Cincinnati Pride : RHP Bart Brown
Batting: RHB Tom Hicks 0-0: Ball
1-0: Ball
2-0: Called Strike
2-1: SINGLE (Line Drive, 78M)
Batting: RHB Jaime Hernández 0-0: Foul Ball, location: 2F
0-1: Swinging Strike
0-2: Strikes out looking
Batting: SHB Juan Carlos González 0-0: SINGLE (Groundball, 34D)
Tom Hicks to second
Runner from 2nd tries for 3rd, SAFE, throw made to third
Batting: RHB Pedro López 0-0: Ball
1-0: Ball
2-0: SINGLE (Groundball, 34) (infield hit)
Tom Hicks scores
Juan Carlos González to second
Batting: RHB Henry Fox 0-0: Called Strike
0-1: Ball
1-1: Ball
2-1: Foul Ball, location: 2F
2-2: Strikes out swinging
Batting: RHB Juan Trujillo 0-0: Called Strike
0-1: Foul Ball, location: 2F
0-2: Strikes out swinging
Top of the 3rd over - 1 run(s), 3 hit(s), 0 error(s), 2 left on base; Columbia 3 - Cincinnati 0
BOTTOM OF THE 3RD
Cincinnati Pride batting - Pitching for Columbia 08s : RHP Lewis Sweeney
Batting: SHB Jorge Maldonado 0-0: Called Strike
0-1: Called Strike
0-2: Ball
1-2: Strikes out swinging
Batting: SHB Jaime Martínez 0-0: Ball
1-0: Ball
2-0: Called Strike
2-1: Foul Ball, location: 2F
2-2: Hit by Pitch
Batting: RHB Jorge Silva 0-0: Ball
Jaime Martínez steals 2nd base
1-0: Ball
2-0: Swinging Strike
2-1: Ball
3-1: Called Strike
3-2: Strikes out looking
Batting: LHB John Clark 0-0: Ball
1-0: SINGLE (Groundball, 34) (infield hit)
Jaime Martínez to third
Batting: LHB Gabriel Aragón 0-0: Ball
1-0: Ground out U3 (Groundball, 34)
Bottom of the 3rd over - 0 run(s), 1 hit(s), 0 error(s), 2 left on base; Columbia 3 - Cincinnati 0
TOP OF THE 4TH
Columbia 08s batting - Pitching for Cincinnati Pride : RHP Bart Brown
Batting: LHB Dave Raines 0-0: Ball
1-0: Called Strike
1-1: Called Strike
1-2: Strikes out looking
Batting: RHB Ben Barker 0-0: Called Strike
0-1: Called Strike
0-2: SINGLE (Flyball, 8LS)
Batting: RHB Pablo Díaz 0-0: Called Strike
0-1: Called Strike
Ben Barker steals 2nd base
0-2: Ball
1-2: Ground out 6-3 (Groundball, 6D)
Batting: RHB Tom Hicks 0-0: Foul Ball, location: 2F
0-1: Ball
1-1: Ball
2-1: Ball
3-1: Base on Balls
Batting: RHB Jaime Hernández 0-0: Ball
1-0: SINGLE (Groundball, 6MD)
Ben Barker to third
Tom Hicks to second
Runner from 3rd tries for Home, SAFE, no throw
Batting: SHB Juan Carlos González 0-0: Called Strike
0-1: Called Strike
0-2: Ball
1-2: Foul Ball, location: 2F
1-2: Foul Ball, location: 2F
1-2: Strikes out looking
Top of the 4th over - 1 run(s), 2 hit(s), 0 error(s), 2 left on base; Columbia 4 - Cincinnati 0
BOTTOM OF THE 4TH
Cincinnati Pride batting - Pitching for Columbia 08s : RHP Lewis Sweeney
Batting: RHB Roger Rush 0-0: Called Strike
0-1: Fly out, F7 (Flyball, 78M)
Batting: RHB Keith Sheehan 0-0: Ground out 6-3 (Groundball, 6)
Batting: RHB Francisco Domínguez 0-0: Ball
1-0: Foul Ball, location: 2F
1-1: Ball
2-1: Ground out 3-1 (Groundball, 23)
Bottom of the 4th over - 0 run(s), 0 hit(s), 0 error(s), 0 left on base; Columbia 4 - Cincinnati 0
TOP OF THE 5TH
Columbia 08s batting - Pitching for Cincinnati Pride : RHP Bart Brown
Batting: RHB Pedro López 0-0: Called Strike
0-1: Ball
1-1: Ground out 5-3 (Groundball, 5L)
Pitching: RHP Pedro Ayala
Batting: RHB Henry Fox 0-0: Called Strike
0-1: Foul Ball, location: 2F
0-2: Ball
1-2: Ball
2-2: SOLO HOME RUN (Flyball, 7LD), Distance : 361 ft
Batting: RHB Juan Trujillo 0-0: Swinging Strike
0-1: Ball
1-1: Ball
2-1: Swinging Strike
2-2: Strikes out looking
Batting: LHB Dave Raines 0-0: Foul Ball, location: 2F
0-1: Ball
1-1: Swinging Strike
1-2: Foul Ball, location: 2F
1-2: Ball
2-2: Reached on error, E6 (Groundball, 6)
Batting: RHB Ben Barker 0-0: Ball
1-0: Swinging Strike
1-1: Ball
2-1: Ball
3-1: Called Strike
3-2: Strikes out swinging
Top of the 5th over - 1 run(s), 1 hit(s), 1 error(s), 1 left on base; Columbia 5 - Cincinnati 0
BOTTOM OF THE 5TH
Cincinnati Pride batting - Pitching for Columbia 08s : RHP Lewis Sweeney
Batting: RHB Gary Miller 0-0: Called Strike
0-1: Swinging Strike
0-2: Ball
1-2: Foul Ball, location: 2F
1-2: Ball
2-2: Fly out, F5 (Popup, 5L)
Batting: SHB Jorge Maldonado 0-0: Ball
1-0: Ball
2-0: Ball
3-0: Called Strike
3-1: Called Strike
3-2: Base on Balls
Batting: SHB Jaime Martínez 0-0: Ball
1-0: Ball
2-0: Ground out 4-3 (Groundball, 34)
Jorge Maldonado to second
Batting: RHB Jorge Silva 0-0: Foul Ball, location: 2F
0-1: Fly out, F3 (Popup, 34)
Bottom of the 5th over - 0 run(s), 0 hit(s), 0 error(s), 1 left on base; Columbia 5 - Cincinnati 0
TOP OF THE 6TH
Columbia 08s batting - Pitching for Cincinnati Pride : RHP Pedro Ayala
Batting: RHB Pablo Díaz 0-0: Called Strike
0-1: Ball
1-1: Ball
2-1: Ball
3-1: Base on Balls
Batting: RHB Tom Hicks 0-0: Foul Ball, location: 2F
0-1: SINGLE (Line Drive, 6MD)
Pablo Díaz to second
Batting: RHB Jaime Hernández 0-0: Ball
1-0: Foul Ball, location: 2F
1-1: Ball
2-1: DOUBLE (Groundball, 5L)
Pablo Díaz scores
Tom Hicks to third
Batting: SHB Juan Carlos González 0-0: 3-RUN HOME RUN (Line Drive, 89XD), Distance : 424 ft
Pitching: LHP Jon Bridges
Batting: RHB Pedro López 0-0: Called Strike
0-1: Ball
1-1: Ball
2-1: Called Strike
2-2: Ball
3-2: Foul Ball, location: 2F
3-2: Strikes out looking
Batting: RHB Henry Fox 0-0: Foul Ball, location: 2F
0-1: Ground out 5-3 (Groundball, 5)
Batting: RHB Juan Trujillo 0-0: Ground out 6-3 (Groundball, 6)
Top of the 6th over - 4 run(s), 3 hit(s), 0 error(s), 0 left on base; Columbia 9 - Cincinnati 0
BOTTOM OF THE 6TH
Cincinnati Pride batting - Pitching for Columbia 08s : RHP Lewis Sweeney
Batting: LHB John Clark 0-0: Ball
1-0: Foul Ball, location: 2F
1-1: Ground out 4-3 (Groundball, 4)
Batting: LHB Gabriel Aragón 0-0: Fly out, F9 (Flyball, 9S)
Batting: RHB Roger Rush 0-0: Foul Ball, location: 2F
0-1: Ball
1-1: Ball
2-1: SINGLE (Flyball, 9S)
Batting: RHB Keith Sheehan 0-0: Called Strike
0-1: Swinging Strike
0-2: Strikes out swinging
Bottom of the 6th over - 0 run(s), 1 hit(s), 0 error(s), 1 left on base; Columbia 9 - Cincinnati 0
TOP OF THE 7TH
Columbia 08s batting - Pitching for Cincinnati Pride : LHP Jon Bridges
Batting: LHB Dave Raines 0-0: Ball
1-0: Ball
2-0: Ball
3-0: Called Strike
3-1: Base on Balls
Batting: RHB Ben Barker 0-0: Ball
1-0: Foul Ball, location: 2F
1-1: Swinging Strike
1-2: Ball
2-2: Ball
3-2: SINGLE (Groundball, 56) (infield hit)
Dave Raines to second
Batting: RHB Pablo Díaz 0-0: Ball
1-0: Ball
2-0: Ball
3-0: Foul Ball, location: 2F
3-1: Base on Balls
Dave Raines to third
Ben Barker to second
Batting: RHB Tom Hicks 0-0: Swinging Strike
0-1: Ball
1-1: Ball
2-1: Ball
3-1: Foul Ball, location: 2F
3-2: Base on Balls
Dave Raines scores
Ben Barker to third
Pablo Díaz to second
Batting: RHB Jaime Hernández 0-0: Ball
1-0: Ball
2-0: Ball
3-0: Called Strike
3-1: SINGLE (Line Drive, 89S)
Ben Barker scores
Pablo Díaz to third
Tom Hicks to second
Pitching: RHP Sam Mathis
Batting: SHB Juan Carlos González 0-0: Called Strike
0-1: Ball
1-1: Ball
2-1: Swinging Strike
2-2: Ball
3-2: Base on Balls
Pablo Díaz scores
Tom Hicks to third
Jaime Hernández to second
Batting: RHB Pedro López 0-0: Called Strike
0-1: Foul Ball, location: 2F
0-2: Ball
1-2: Strikes out swinging
Batting: RHB Henry Fox 0-0: Ball
1-0: Ball
2-0: Ball
3-0: Base on Balls
Tom Hicks scores
Jaime Hernández to third
Juan Carlos González to second
Batting: RHB Juan Trujillo 0-0: Ball
1-0: Called Strike
1-1: Swinging Strike
1-2: Foul Ball, location: 2F
1-2: Strikes out swinging
Batting: LHB Dave Raines 0-0: Swinging Strike
0-1: Ball
1-1: Ball
Wild Pitch!
Jaime Hernández scores
Juan Carlos González to third
Henry Fox to second
2-1: Called Strike
2-2: Foul Ball, location: 2F
2-2: Foul Ball, location: 2F
2-2: SINGLE (Flyball, 8RS)
Juan Carlos González scores
Henry Fox to third
Runner from 3rd tries for Home, SAFE, no throw
Batting: RHB Ben Barker 0-0: Ball
1-0: Fielders Choice at 2nd, 5-4 (Groundball, 5)
Top of the 7th over - 7 run(s), 3 hit(s), 0 error(s), 0 left on base; Columbia 16 - Cincinnati 0
BOTTOM OF THE 7TH
Cincinnati Pride batting - Pitching for Columbia 08s : RHP Lewis Sweeney
Pitching: RHP Gabriel McDaniel
Batting: RHB Francisco Domínguez 0-0: DOUBLE (Line Drive, 7LM)
Batting: RHB Gary Miller 0-0: Ball
1-0: Ball
2-0: Ball
3-0: Base on Balls
Batting: SHB Jorge Maldonado 0-0: Foul Ball, location: 2F
0-1: Fielders Choice at 2nd, 1-6 (Groundball, P)
Francisco Domínguez to third
Batting: SHB Jaime Martínez 0-0: Ball
Jorge Maldonado steals 2nd base
1-0: Swinging Strike
1-1: Called Strike
1-2: Strikes out swinging
Batting: RHB Jorge Silva 0-0: Called Strike
0-1: Ball
1-1: SINGLE (Line Drive, 89S)
Francisco Domínguez scores
Jorge Maldonado to third
Runner from 3rd tries for Home, SAFE, no throw
Batting: LHB John Clark 0-0: Ball
1-0: Swinging Strike
1-1: 2-RUN HOME RUN (Flyball, 8RD), Distance : 442 ft
Batting: LHB Gabriel Aragón 0-0: Called Strike
0-1: Swinging Strike
0-2: Ball
1-2: Fly out, F9 (Flyball, 9D)
Bottom of the 7th over - 4 run(s), 3 hit(s), 0 error(s), 0 left on base; Columbia 16 - Cincinnati 4
TOP OF THE 8TH
Columbia 08s batting - Pitching for Cincinnati Pride : RHP Sam Mathis
Batting: RHB Pablo Díaz 0-0: Foul Ball, location: 2F
0-1: Ball
1-1: DOUBLE (Flyball, 78D)
Batting: RHB Tom Hicks 0-0: Swinging Strike
0-1: Reached on error, E4 (Groundball, 4)
Pablo Díaz to third
Batting: RHB Jaime Hernández 0-0: Ball
1-0: Foul Ball, location: 2F
1-1: Reached on error, E5 (Groundball, 56)
Pablo Díaz scores
Tom Hicks to second
Pitching: RHP Basilio Bea
Batting: SHB Juan Carlos González 0-0: Ball
1-0: Ground out U3 (Groundball, 3S)
Tom Hicks to third
Jaime Hernández to second
Batting: RHB Pedro López 0-0: Ball
1-0: Called Strike
1-1: Ball
2-1: Foul Ball, location: 2F
2-2: Ball
3-2: Foul Ball, location: 2F
3-2: Strikes out looking
Batting: RHB Henry Fox 0-0: Foul Ball, location: 2F
0-1: Ball
1-1: Foul Ball, location: 2F
1-2: Foul Ball, location: 2F
1-2: Strikes out swinging
Top of the 8th over - 1 run(s), 1 hit(s), 2 error(s), 2 left on base; Columbia 17 - Cincinnati 4
BOTTOM OF THE 8TH
Cincinnati Pride batting - Pitching for Columbia 08s : RHP Gabriel McDaniel
Pitching: RHP Charles Palmeiro
Now in LF: Claudio Palácios
Batting: RHB Roger Rush 0-0: Ball
1-0: Foul Ball, location: 2F
1-1: Called Strike
1-2: Foul Ball, location: 2F
1-2: Ball
2-2: Strikes out swinging
Pinch Hitting: LHB Carl Hayden 0-0: DOUBLE (Line Drive, 9LS)
Batting: RHB Francisco Domínguez 0-0: Ball
1-0: Ball
2-0: Swinging Strike
2-1: Fly out, F8 (Flyball, 8LS)
Batting: RHB Gary Miller 0-0: Called Strike
0-1: SINGLE (Line Drive, 4D)
Carl Hayden to third
Batting: SHB Jorge Maldonado 0-0: Ball
1-0: Called Strike
1-1: Fly out, F7 (Flyball, 7LSF)
Bottom of the 8th over - 0 run(s), 2 hit(s), 0 error(s), 2 left on base; Columbia 17 - Cincinnati 4
TOP OF THE 9TH
Columbia 08s batting - Pitching for Cincinnati Pride : RHP Basilio Bea
Now in RF: Kyle Mathis
Batting: RHB Juan Trujillo 0-0: Ball
1-0: Called Strike
1-1: Ball
2-1: Foul Ball, location: 2F
2-2: Foul Ball, location: 2F
2-2: Ball
3-2: Base on Balls
Batting: LHB Dave Raines 0-0: Ball
1-0: Reached on error, E3 (Groundball, 34)
Juan Trujillo to second
Batting: RHB Ben Barker 0-0: Ball
1-0: Foul Ball, location: 2F
1-1: Ball
2-1: Ball
3-1: Base on Balls
Juan Trujillo to third
Dave Raines to second
Batting: RHB Pablo Díaz 0-0: Ball
1-0: Ball
2-0: Fly out, F9 (Flyball, 89M)
Runner from 3rd tags up, SCORES, no throw
Batting: RHB Tom Hicks 0-0: Foul Ball, location: 2F
0-1: Ball
1-1: Foul Ball, location: 2F
1-2: Strikes out swinging
Batting: RHB Jaime Hernández 0-0: Ball
1-0: Ground out 1-3 (Groundball, 13S)
Top of the 9th over - 1 run(s), 0 hit(s), 1 error(s), 2 left on base; Columbia 18 - Cincinnati 4
BOTTOM OF THE 9TH
Cincinnati Pride batting - Pitching for Columbia 08s : RHP Charles Palmeiro
Batting: SHB Jaime Martínez 0-0: Ball
1-0: Swinging Strike
1-1: Swinging Strike
1-2: Foul Ball, location: 2F
1-2: Ground out U3 (Groundball, 34)
Batting: RHB Jorge Silva 0-0: Ball
1-0: Ball
2-0: DOUBLE (Line Drive, 78D)
Batting: LHB John Clark 0-0: Called Strike
0-1: Foul Ball, location: 2F
0-2: Ball
1-2: Ball
2-2: 2-RUN HOME RUN (Flyball, 78XD), Distance : 440 ft
Batting: LHB Gabriel Aragón 0-0: Called Strike
0-1: Called Strike
0-2: Ball
1-2: Ball
2-2: Ball
3-2: Fly out, F8 (Flyball, 8RD)
Batting: RHB Roger Rush 0-0: SINGLE (Groundball, 4D)
Pinch Hitting: RHB Elliott Horn 0-0: Ball
1-0: Called Strike
1-1: Foul Ball, location: 2F
1-2: Ball
2-2: Ball
3-2: Strikes out swinging
Bottom of the 9th over - 2 run(s), 3 hit(s), 0 error(s), 1 left on base; Columbia 18 - Cincinnati 6
Thursday, March 30th, 2017 - OOTP Baseball 17.12 Build 75